 Dungeon Crawl Stone Soup version 0.28-a0-1182-g381e24db82 (webtiles) character file.

Game seed: 8540451936598557277

40 ChaosChampion the Insei (level 3, -8/23 HPs)
             Began as an Octopode Transmuter on Dec 17, 2021.
             Killed by nerve-wracking pain
             ... invoked by Jessica
              (10 damage)
             ... on level 2 of the Dungeon.
             The game lasted 00:01:23 (1306 turns).

ChaosChampion the Insei (Octopode Transmuter)       Turns: 1306, Time: 00:01:24

Health: -8/23      AC:  1    Str:  9    XL:     3   Next: 50%
Magic:  6/6        EV: 13    Int: 17    God:
Gold:   40         SH:  0    Dex: 12    Spells: 3/6 levels left

rFire   . . .      SeeInvis .     - Unarmed
rCold   . . .      Faith    .   (no shield)
rNeg    . . .      Spirit   .   (helmet currently unavailable)
rPois   .          Reflect  .   (no amulet)
rElec   .          Harm     .   (no ring)
rCorr   .          Rampage  .   (no ring)
Will    .....                   (no ring)
Stlth   ++........              (no ring)
HPRegen 0.07/turn               (no ring)
MPRegen 0.10/turn               (no ring)
                                (no ring)
                                (no ring)

@: appendages (expiring)
A: tentacle spike 3, almost no armour, amphibious, 8 rings, camouflage 1,
gelatinous body 1, (nimble swimmer 1), tentacles
a: End Transformation


You were on level 2 of the Dungeon.
One of your tentacles had grown a beastly spike.
You visited 1 branch of the dungeon, and saw 2 of its levels.

You collected 40 gold pieces.

Inventory:

Jewellery
 g - a ring of fire
Scrolls
 a - a scroll of torment {unknown}
 b - a scroll of immolation {unknown}
Potions
 c - a potion of curing {unknown}
 d - a potion of might {unknown}
 e - a potion of heal wounds {unknown}
 f - a potion of mutation {unknown}
 h - a potion of ambrosia {unknown}


   Skills:
 - Level 1.0 Fighting
 - Level 2.0 Dodging
 * Level 4.0 Unarmed Combat
 - Level 2.0 Spellcasting
 + Level 2.6 Transmutations


You had 3 spell levels left.
You knew the following spells:

 Your Spells              Type           Power      Damage    Failure   Level
a - Beastly Appendage     Tmut           20%        N/A       6%          1
b - Wereblood             Tmut           10%        N/A       10%         2

Your spell library contained the following spells:

 Spells                   Type           Power      Damage    Failure   Level
 Magic Dart               Conj           4%         1d3       19%         1
 Call Imp                 Summ           1%         N/A       28%         2
 Spider Form              Tmut/Pois      6%         N/A       32%         3
 Mephitic Cloud           Conj/Pois/Air  1%         N/A       50%         3
 Ice Form                 Ice/Tmut       6%         N/A       73%         4


Dungeon Overview and Level Annotations

Branches:
Dungeon (2/15)

Altars:

Annotations:
D:2 Jessica


Innate Abilities, Weirdness & Mutations

One of your tentacles has grown a beastly spike.
You cannot wear most types of armour.
You are amphibious.
You can wear up to eight rings at the same time.
Your skin changes colour to match your surroundings (Stealth+).
Your rubbery body absorbs attacks. (AC +1, EV +1)
((You are camouflaged near water. (Stealth+)))
You have tentacles for arms and can constrict up to eight enemies at once.


Message History

The rat closely misses you.
Your magical contamination has completely faded away.
You closely miss the rat. Your grab misses the rat.
Your tentacle spike misses the rat.
You squeeze the rat.
You kill the rat!
Your transformation is almost over.
No target in view!
g - a ring of fire
There are no items here.
Your tentacle spike disappears.
Magic restored.
HP restored.
You now have 30 gold pieces (gained 19).
You now have 40 gold pieces (gained 10).
h - a green potion Jessica is nearby!
Jessica is nearby!
Jessica is nearby!
Jessica is nearby!
Casting: Wereblood (safe; 10% risk of failure)
Confirm with . or Enter, or press ? or * to list all spells.
One of your tentacles grows a vicious spike.
Jessica shouts!
Jessica casts a spell.
Jessica seems to speed up.
Your transformation is almost over.
This spell is extremely dangerous to cast!
Memorise Spider Form, consuming 3 spell levels and leaving 0?
You start memorising the spell.
You continue memorising. x2
Jessica gestures at you while chanting.
Your memorisation is interrupted.
Pain shoots through your body!
Ouch! That really hurt!
A quokka comes into view.
The quokka twitches its whiskers.
Jessica points at you and mumbles some strange words.
Pain shoots through your body!
* * * LOW HITPOINT WARNING * * *
Jessica casts a spell at you. Pain shoots through your body!
You die...

### #########.#
######.@.......#
#.......###@.##.#
#.####..@.......#
#.#<..r.#....####
#...........##
#.......#####
#....†......
#...††#.....#
#.#...####..#
#......# ....
....#.... ...


You could see Jessica (fast) and a quokka.

Vanquished Creatures
  A worm (D:2)
  A dart slug (D:1)
  2 ball pythons
  An endoplasm (D:1)
  A giant cockroach (D:2)
  4 goblins (D:1)
  6 hobgoblins
  2 jackals (D:1)
  6 kobolds (D:1)
  3 bats
  2 frilled lizards (D:1)
  3 rats
32 creatures vanquished.

Notes
Turn   | Place    | Note
-------+----------+-------------------------------------------
     0 | D:1      | ChaosChampion the Octopode Transmuter began the quest for
                  | the Orb.
     0 | D:1      | Reached XP level 1. HP: 13/13 MP: 3/3
   107 | D:1      | You fall into a shaft and drop 1 floor!
   139 | D:2      | Noticed Jessica
   177 | D:1      | Reached XP level 2. HP: 9/18 MP: 3/5
   207 | D:1      | Learned a level 2 spell: Wereblood
   789 | D:1      | Reached XP level 3. HP: 23/23 MP: 6/6
  1129 | D:2      | Reached skill level 4 in Unarmed Combat
  1306 | D:2      | Killed from afar by Jessica

Illustrated notes

Levels and vault maps discovered:
D:1:      minmay_arrival_open_corners, layout_rooms
D:2:      layout_basic, shapermc_ecumenical_altar_gd, uniq_jessica

Skill      XL: |  1  2  3 |
---------------+----------+-----
Unarmed Combat | 4 |  4.0
Fighting       | |  1.0
Dodging        | |  2.0
Spellcasting   | |  2.0
Transmutations | |  2.6

Action                   || total
-------------------------++-------
Melee: Unarmed           ||    67
       Constrict         ||    20
       Kick              ||     9
       Tentacles         ||     9
 Cast: Beastly Appendage ||    14
       Wereblood         ||     5
 Stab: Sleeping          ||     7
Armor: Skin              ||     2
Dodge: Dodged            ||    38

Table legend: (Time is in decaauts)
 A = Elapsed time spent in this place.
 B = Non-inter-level travel time spent in this place.
 C = Inter-level travel time spent in this place.
 D = Time resting spent in this place.
 E = Time spent auto-exploring this place.
 F = Levels seen in this place.
 G = Mean time per level.
                   A        B        C        D        E       F      G
               +--------+--------+--------+--------+--------+-----+--------+
         Total |   1302 |   1283 |     19 |      0 |   1045 |   2 |  651.0 |
       Dungeon |   1302 |   1283 |     19 |      0 |   1045 |   2 |  651.0 |
               +--------+--------+--------+--------+--------+-----+--------+

Top non-repeatable levels by time:
     D:1: 1052 daAuts
     D:2: 249 daAuts
